[Event "Titled Tuesday Blitz June 20 Early 2023"]
[White "Dixit, Nikhil"]
[Black "Baruch, Liam"]
[WhiteFideId "5059534"]
[BlackFideId "14322064"]
[WhiteElo "2207"]
[BlackElo "2106"]
[Result "0-1"]
[Round "1"]
[TimeControl "180+2"]
[Date "2023.06.20"]
[WhiteClock "0:00:11"]
[BlackClock "0:00:14"]
[Board "225"]

1. e4 e5 2. Nf3 Nc6 3. Bb5 a6 4. Ba4 Nf6 5. O-O b5 6. Bb3 Bc5 7. c3 d6 8. d3 O-O 9. h3 h6 10. Qe2 Bb6 11. Be3 Bxe3 12. Qxe3 Ne7 13. Nbd2 Ng6 14. d4 Re8 15. dxe5 dxe5 16. a4 Bb7 17. Rfd1 Qe7 18. Bc2 Nf4 19. Nf1 Nh7 20. Ng3 Ng5 21. Nf5 Qf6 22. Nh2 Qg6 23. Ng3 h5 24. h4 Nge6 25. Qf3 Bc6 26. a5 Rad8 27. Nf5 Bd7 28. g3 Nc5 29. Kh1 Nfe6 30. b4 Nb7 31. Rd5 Nf8 32. Rad1 Bxf5 33. exf5 Qh6 34. Rxd8 Nxd8 35. Qe4 Qc6 36. Qxc6 Nxc6 37. Be4 Nb8 38. Nf1 Nfd7 39. Ne3 Nf6 40. f3 Nxe4 41. fxe4 Kf8 42. Kg2 c6 43. Kf3 Ke7 44. g4 hxg4+ 45. Kxg4 Rd8 46. Rxd8 Kxd8 47. f6 g6 48. Kg5 Kd7 49. Ng4 Ke6 50. Kh6 Nd7 51. Kg7 c5 52. bxc5 Nxc5 53. Nh6 Nxe4 54. Nxf7 Nxf6 55. Ng5+ Kf5 56. Nf7 e4 57. Nh6+ Ke6 58. Kxg6 e3 59. Nf5 Nd5 60. Nd4+ Ke5 61. Ne2 Nf4+ 62. Nxf4 Kxf4 63. h5 e2 64. h6 e1=Q 65. h7 Qg3+ 66. Kf7 Qxc3 0-1


[Site "https://www.chess.com"]

[Event "Titled Tuesday Blitz June 20 Early 2023"]
[White "Cardenas Carbajal, Nilson"]
[Black "Ismagilov, Damir"]
[WhiteFideId "8401128"]
[BlackFideId "34199982"]
[WhiteElo "1972"]
[BlackElo "2104"]
[Result "1/2-1/2"]
[Round "1"]
[TimeControl "180+2"]
[Date "2023.06.20"]
[WhiteClock "0:01:33"]
[BlackClock "0:01:15"]
[Board "226"]

1. e4 g6 2. d4 Bg7 3. Be3 d6 4. Qd2 Nf6 5. Nc3 O-O 6. f3 e5 7. d5 c5 8. Bh6 Nh5 9. Nge2 Qh4+ 10. Kd1 a6 11. Bg5 Qf2 12. Be3 Qh4 13. Bg5 Qf2 14. Be3 Qh4 15. Bg5 1/2-1/2


[Site "https://www.chess.com"]

[Event "Titled Tuesday Blitz June 20 Early 2023"]
[White "Gavrilov, Maxim"]
[Black "Maluco_do_Natal_00"]
[WhiteFideId "24271454"]
[WhiteElo "1969"]
[BlackElo "2100"]
[Result "1-0"]
[Round "1"]
[TimeControl "180+2"]
[Date "2023.06.20"]
[WhiteClock "0:00:10"]
[BlackClock "0:00:01"]
[Board "227"]

1. d4 d5 2. c4 c6 3. Nc3 Nf6 4. e3 g6 5. Nf3 Bg7 6. Be2 a6 7. O-O O-O 8. b3 Bg4 9. Bb2 Nbd7 10. h3 Bxf3 11. Bxf3 e6 12. a4 a5 13. Qc2 Rc8 14. Rad1 Re8 15. Rfe1 Bf8 16. e4 dxe4 17. Nxe4 Nxe4 18. Rxe4 Nf6 19. Re2 Bg7 20. g3 Qd6 21. Bc3 b6 22. Red2 Qc7 23. Qb2 Nd7 24. Kg2 Red8 25. h4 h5 26. Qc2 b5 27. axb5 cxb5 28. c5 b4 29. Bb2 Nf6 30. d5 Nxd5 31. Bxg7 Kxg7 32. Bxd5 exd5 33. Rxd5 Qc6 34. Qe4 Rxd5 35. Rxd5 Kg8 36. Kh2 Qc7 37. Qd4 Re8 38. Rd7 Qe5 39. Qc4 Rc8 40. Qxf7+ 1-0


[Site "https://www.chess.com"]

[Event "Titled Tuesday Blitz June 20 Early 2023"]
[White "Tsukerman, Julia"]
[Black "Turzo, Attila"]
[WhiteFideId "2621649"]
[BlackFideId "704954"]
[WhiteElo "1667"]
[BlackElo "2534"]
[Result "1-0"]
[Round "1"]
[TimeControl "180+2"]
[Date "2023.06.20"]
[WhiteClock "0:00:02"]
[BlackClock "0:00:00"]
[Board "228"]

1. e4 d6 2. d4 Nf6 3. Nc3 g6 4. Be3 Bg7 5. f3 c6 6. Qd2 b5 7. g4 Nbd7 8. h4 Nb6 9. O-O-O b4 10. Nb1 a5 11. h5 d5 12. e5 Nfd7 13. f4 Nc4 14. Qe1 Ndb6 15. Bh3 e6 16. Nd2 a4 17. Kb1 b3 18. cxb3 Nxd2+ 19. Bxd2 axb3 20. a3 Nc4 21. Bb4 Qb6 22. Nf3 Bf8 23. Bxf8 Rxf8 24. hxg6 hxg6 25. Bf1 Rxa3 26. bxa3 Nxa3+ 27. Kb2 Nc2 28. Qc3 Na3 29. Qxb3 Nb5 30. Bxb5 cxb5 31. Rc1 Bd7 32. Rc5 Qa5 33. Rhc1 Ke7 34. Qc3 Qa6 35. Rc7 Ra8 36. Qc5+ Ke8 37. Kc2 Qa2+ 38. Kd1 Qf2 39. Ne1 Qe3 40. Rxd7 1-0


[Site "https://www.chess.com"]

[Event "Titled Tuesday Blitz June 20 Early 2023"]
[White "FoxOnTheRun97"]
[Black "Torres Dominguez, David"]
[BlackFideId "2220857"]
[WhiteElo "2534"]
[BlackElo "1999"]
[Result "1-0"]
[Round "1"]
[TimeControl "180+2"]
[Date "2023.06.20"]
[WhiteClock "0:00:44"]
[BlackClock "0:00:00"]
[Board "229"]

1. d4 e5 2. dxe5 d6 3. exd6 Bxd6 4. Nf3 Bg4 5. g3 Qe7 6. Bg2 Nc6 7. O-O O-O-O 8. Nbd2 h5 9. h4 g5 10. Nxg5 Nh6 11. Re1 Nd4 12. Ndf3 Nxf3+ 13. exf3 Be6 14. Qe2 Rde8 15. Nxe6 fxe6 16. Bg5 Qf7 17. Qe3 Nf5 18. Qxa7 c6 19. f4 Kc7 20. Qa5+ Kb8 21. Qb6 Bc7 22. Qb3 Nd4 23. Qc3 e5 24. Rad1 Nb5 25. Qb3 exf4 26. Qxf7 fxg3 27. Rxe8+ Rxe8 28. Qxe8+ 1-0


[Site "https://www.chess.com"]

[Event "Titled Tuesday Blitz June 20 Early 2023"]
[White "Semenova, Alina"]
[Black "Karamsetty, Jeevan"]
[WhiteFideId "24113875"]
[BlackFideId "2025337"]
[WhiteElo "1833"]
[BlackElo "2131"]
[Result "0-1"]
[Round "1"]
[TimeControl "180+2"]
[Date "2023.06.20"]
[WhiteClock "0:00:00"]
[BlackClock "0:01:03"]
[Board "230"]

1. e4 e5 2. Nf3 Nc6 3. Bb5 a6 4. Ba4 Nf6 5. O-O Be7 6. Re1 b5 7. Bb3 d6 8. c3 O-O 9. d4 exd4 10. cxd4 Na5 11. Bc2 Bb7 12. Nc3 c5 13. d5 Nc4 14. b3 Ne5 15. Nxe5 dxe5 16. Bb2 Rc8 17. Ne2 c4 18. Bxe5 Bb4 19. Rf1 Re8 20. Bxf6 Qxf6 21. bxc4 Rxc4 22. Ng3 Bc3 23. Rb1 Be5 24. Bb3 Rd4 25. Qe2 Bxg3 26. fxg3 Qg6 27. d6 Rdxe4 28. Qd2 Re2 29. Bxf7+ Qxf7 30. Qxe2 Rxe2 31. Rxf7 Rxg2+ 32. Kf1 Kxf7 33. Rc1 Ke6 34. d7 Kxd7 35. Rd1+ Kc7 36. Rc1+ Kb6 0-1


[Site "https://www.chess.com"]

[Event "Titled Tuesday Blitz June 20 Early 2023"]
[White "Brunner, Nicolas"]
[Black "Aung Thant Zin"]
[WhiteFideId "620246"]
[BlackFideId "13000063"]
[WhiteElo "2319"]
[BlackElo "2278"]
[Result "0-1"]
[Round "1"]
[TimeControl "180+2"]
[Date "2023.06.20"]
[WhiteClock "0:00:29"]
[BlackClock "0:00:55"]
[Board "231"]

1. Nf3 d5 2. g3 Nf6 3. Bg2 e6 4. O-O Be7 5. d4 O-O 6. c4 dxc4 7. Qa4 a6 8. Qxc4 b5 9. Qc2 Bb7 10. Bg5 Nc6 11. Rd1 Nb4 12. Qc1 Qc8 13. a3 Nbd5 14. b4 a5 15. Bxf6 Bxf6 16. e4 Nb6 17. Ne5 Bxe5 18. dxe5 axb4 19. Nd2 bxa3 20. Rxa3 Rxa3 21. Qxa3 c5 22. Rc1 c4 23. Qa5 Qc6 24. Nb3 Ra8 25. Qb4 Ra4 26. Qe7 Qd7 27. Qxd7 Nxd7 28. Nd4 Ba6 29. Nc6 g6 30. Rd1 Nc5 31. Rd8+ Kg7 32. h4 Bb7 33. Ne7 Bxe4 34. g4 h6 35. Rc8 Bxg2 36. Rxc5 Bd5 37. Rxb5 c3 38. Rc5 Rc4 0-1


[Site "https://www.chess.com"]

[Event "Titled Tuesday Blitz June 20 Early 2023"]
[White "Saim, Mohamed Ilias"]
[Black "whiteglovethief"]
[WhiteFideId "7900465"]
[WhiteElo "2063"]
[BlackElo "2531"]
[Result "0-1"]
[Round "1"]
[TimeControl "180+2"]
[Date "2023.06.20"]
[WhiteClock "0:00:08"]
[BlackClock "0:00:35"]
[Board "232"]

1. d4 Nf6 2. Nf3 g6 3. e3 Bg7 4. c4 O-O 5. Be2 c5 6. O-O cxd4 7. exd4 d5 8. Nc3 Nc6 9. h3 dxc4 10. Bxc4 b6 11. Re1 Bb7 12. d5 Na5 13. Bf1 Nxd5 14. Nxd5 Bxd5 15. Bg5 Nc6 16. Rc1 Rc8 17. Bb5 Bxf3 18. Qxf3 Nd4 19. Qd3 Rxc1 20. Rxc1 Qd5 21. Bxe7 Qxb5 22. Qxb5 Nxb5 23. Bxf8 Kxf8 24. a4 Nd6 25. Rc6 Ke7 26. Rc7+ Ke6 27. Rxa7 Bxb2 28. Kf1 Bd4 29. Ra8 Ne4 30. Re8+ Kf5 31. f3 Nc5 32. Ke2 Bg1 33. a5 bxa5 34. g4+ Kf4 35. Kf1 Bd4 36. Ke2 a4 37. Re7 f6 38. Rxh7 a3 39. Ra7 Bb2 40. Ra5 Nb3 41. Ra4+ Kg3 42. h4 Kxh4 43. Kd3 Nc5+ 0-1


[Site "https://www.chess.com"]

[Event "Titled Tuesday Blitz June 20 Early 2023"]
[White "Yaniuk, Volodymyr"]
[Black "Better_Chess_Faster"]
[WhiteFideId "14133083"]
[WhiteElo "2141"]
[BlackElo "2008"]
[Result "1-0"]
[Round "1"]
[TimeControl "180+2"]
[Date "2023.06.20"]
[WhiteClock "0:01:01"]
[BlackClock "0:00:00"]
[Board "233"]

1. c4 c5 2. Nf3 Nf6 3. Nc3 Nc6 4. e3 e6 5. d4 cxd4 6. Nxd4 d5 7. cxd5 exd5 8. Bb5 Bd7 9. O-O Bd6 10. Be2 O-O 11. b3 a6 12. Bb2 Re8 13. Nxc6 Bxc6 14. Bf3 Be5 15. Rc1 Rc8 16. Qd2 Qd6 17. h3 Red8 18. Ne2 Bxb2 19. Qxb2 Bb5 20. Rfd1 Bxe2 21. Qxe2 Rxc1 22. Rxc1 Qe5 23. Qd2 Ne4 24. Qc2 h6 25. Qc7 Qxc7 26. Rxc7 Rb8 27. Bxe4 dxe4 28. Kf1 Kf8 29. Ke2 b6 30. g4 g6 31. Rc4 f5 32. gxf5 gxf5 33. Rc6 Kg7 34. h4 a5 35. h5 b5 36. Rg6+ Kh7 37. Rf6 a4 38. Rxf5 axb3 39. axb3 b4 40. Re5 Rc8 41. Rxe4 Rc2+ 42. Kf3 Rc3 43. Rxb4 Kg7 44. Rb6 Rc5 45. Kg4 Rg5+ 46. Kh4 Rg2 47. f3 Re2 48. e4 Re3 49. Kg4 Re1 50. f4 Rg1+ 51. Kf5 Rh1 52. Rb7+ Kg8 53. Kg6 Rg1+ 54. Kxh6 Rf1 55. Kg6 Rg1+ 56. Kf5 Rh1 57. Ke6 Rxh5 58. f5 Rh4 59. e5 Rh6+ 60. f6 1-0


[Site "https://www.chess.com"]

[Event "Titled Tuesday Blitz June 20 Early 2023"]
[White "Goughfather"]
[Black "Bethke, Richard"]
[BlackFideId "12959243"]
[WhiteElo "2008"]
[BlackElo "2369"]
[Result "0-1"]
[Round "1"]
[TimeControl "180+2"]
[Date "2023.06.20"]
[WhiteClock "0:00:40"]
[BlackClock "0:02:04"]
[Board "234"]

1. d4 Nf6 2. Nc3 e6 3. a3 d5 4. Bf4 c5 5. e3 a6 6. Nf3 Nc6 7. Be2 Bd6 8. Ne5 Qc7 9. Nxc6 Bxf4 10. exf4 Qxc6 11. g3 O-O 12. O-O b5 13. Qd2 Bb7 14. Bf3 Ne4 15. Nxe4 dxe4 16. Bg2 Rfd8 17. c3 cxd4 18. cxd4 Qc4 19. Rfd1 Rac8 20. Rac1 Qb3 21. Rc3 Rxc3 22. bxc3 Qxa3 23. Qe3 f5 24. g4 Bd5 25. Qc1 Qxc1 26. Rxc1 a5 27. Bf1 b4 28. cxb4 axb4 29. Rb1 b3 30. Rb2 Rc8 31. Bh3 Rc1+ 32. Kg2 e3+ 0-1


[Site "https://www.chess.com"]

[Event "Titled Tuesday Blitz June 20 Early 2023"]
[White "Leenhouts, Koen"]
[Black "Porat, Tori"]
[WhiteFideId "1008439"]
[BlackFideId "30982626"]
[WhiteElo "2409"]
[BlackElo "1752"]
[Result "1-0"]
[Round "1"]
[TimeControl "180+2"]
[Date "2023.06.20"]
[WhiteClock "0:00:21"]
[BlackClock "0:00:00"]
[Board "235"]

1. e4 c5 2. Nf3 Nc6 3. d4 cxd4 4. Nxd4 e5 5. Nb5 d6 6. N1c3 a6 7. Na3 b5 8. Nd5 Nf6 9. Bg5 Be7 10. Bxf6 Bxf6 11. c4 b4 12. Nc2 a5 13. Be2 Bg5 14. O-O O-O 15. Bg4 Ne7 16. Bxc8 Rxc8 17. b3 Nxd5 18. Qxd5 Qb6 19. Rad1 Rfd8 20. g3 Rc5 21. Qd3 Rcc8 22. Kg2 Qc7 23. f4 Bf6 24. Ne3 exf4 25. Nd5 Qd7 26. Nxf6+ gxf6 27. Rxf4 Qe6 28. Rdf1 Re8 29. Qd4 Rc5 30. Rxf6 Qxe4+ 31. Qxe4 Rxe4 32. Rxd6 Re2+ 33. Rf2 Rce5 34. Rd8+ Kg7 35. Rd7 Rxf2+ 36. Kxf2 Rf5+ 37. Ke3 Re5+ 38. Kd3 Rh5 39. h4 Rf5 40. Ke3 Re5+ 41. Kf3 Rf5+ 42. Kg2 Re5 43. Rd2 h6 44. Rc2 Rc5 45. Kf3 Rf5+ 46. Ke4 Rc5 47. Kd4 Rc8 48. c5 Kf8 49. c6 Ke7 50. Kc5 Rc7 51. Re2+ Kd8 52. Kd6 Ra7 53. g4 Ra6 54. g5 hxg5 55. h5 f6 56. h6 Ra7 57. Rh2 Rh7 58. Ke6 Kc7 59. Kxf6 g4 60. Kg6 g3 61. Rh3 g2 62. Rg3 Rh8 63. h7 Kxc6 64. Rxg2 Rxh7 65. Kxh7 1-0


[Site "https://www.chess.com"]

[Event "Titled Tuesday Blitz June 20 Early 2023"]
[White "Sanchez, Robert"]
[Black "Yelisieiev, Yevhenii"]
[WhiteFideId "2034360"]
[BlackFideId "14139642"]
[WhiteElo "1988"]
[BlackElo "2403"]
[Result "0-1"]
[Round "1"]
[TimeControl "180+2"]
[Date "2023.06.20"]
[WhiteClock "0:00:04"]
[BlackClock "0:00:06"]
[Board "236"]

1. e4 d6 2. d4 Nf6 3. Nc3 e5 4. Nf3 Nbd7 5. Bc4 Be7 6. O-O O-O 7. a4 c6 8. h3 a5 9. Re1 Nb6 10. Bb3 Nfd7 11. Be3 exd4 12. Nxd4 Nc5 13. Nf5 Bxf5 14. exf5 Nxb3 15. cxb3 d5 16. Bxb6 Qd7 17. Qf3 Rfe8 18. Rad1 Bb4 19. f6 Rxe1+ 20. Rxe1 g6 21. Rd1 Re8 22. Be3 Re6 23. Bg5 Qe8 24. g3 Bf8 25. Qf4 Bd6 26. Qh4 Bc5 27. Rd3 Re1+ 28. Kg2 Qe5 29. Qf4 Qe8 30. Nd1 Re4 31. Qf3 Bf8 32. Bd2 Bc5 33. Be3 Bb4 34. Nc3 Re6 35. Bg5 Bf8 36. h4 h6 37. Bc1 Qd8 38. Nd1 Rxf6 39. Qe2 Bg7 40. Ne3 Re6 41. Qf3 Qe7 42. Ng4 h5 43. Ne3 Rf6 44. Qe2 Re6 45. Qd1 Re4 46. Bd2 Qe5 47. Bc3 d4 48. Nc4 Qd5 49. Bd2 Re1+ 50. Qf3 Re4 51. Nb6 Qe6 52. Nc4 f5 53. Nxa5 Re2 54. Bf4 Rxb2 55. Nxb7 Kh7 56. Nc5 Qe1 57. Kh2 Rb1 58. Qg2 Qe7 59. Rd2 Qxc5 60. Re2 Qd5 61. Qxd5 cxd5 62. Re7 Kg8 63. Re8+ Kf7 64. Rd8 Rxb3 65. Rxd5 Rb4 66. Kg2 Rxa4 67. Kf3 Ke6 68. Rd8 Ra3+ 69. Ke2 Ra2+ 70. Kf3 Ra3+ 71. Ke2 Bf6 72. Rb8 Kd5 73. Rb6 Ra2+ 74. Kf3 Ra3+ 75. Ke2 Be7 76. Rxg6 d3+ 77. Kd1 Bb4 78. Bh6 Ra1+ 0-1


[Site "https://www.chess.com"]

[Event "Titled Tuesday Blitz June 20 Early 2023"]
[White "Ismayil, Malak"]
[Black "Lohani, Sujana"]
[WhiteFideId "13412604"]
[BlackFideId "12311987"]
[WhiteElo "1868"]
[BlackElo "1718"]
[Result "1-0"]
[Round "1"]
[TimeControl "180+2"]
[Date "2023.06.20"]
[WhiteClock "0:00:46"]
[BlackClock "0:00:00"]
[Board "237"]

1. e4 c5 2. Nf3 Nc6 3. Bb5 g6 4. Bxc6 bxc6 5. d4 Bg7 6. O-O cxd4 7. Nxd4 Qb6 8. Nb3 Nf6 9. Nc3 O-O 10. Be3 Qc7 11. h3 a5 12. Qd2 a4 13. Nd4 Ba6 14. Rfe1 Rfb8 15. Rab1 Qa5 16. Nf3 a3 17. b3 d6 18. Bg5 h6 19. Bxf6 Bxf6 20. Nd5 Qxd2 21. Nxf6+ Kg7 22. Nxd2 Kxf6 23. f4 Kg7 24. c4 e6 25. Rbc1 Rd8 26. Nb1 d5 27. cxd5 cxd5 28. exd5 Rxd5 29. Rcd1 Rad8 30. Nc3 Rd2 31. b4 R8d4 32. b5 Bb7 33. Rxd2 Rxd2 34. Re2 Rd4 35. Kf2 Rxf4+ 36. Ke3 Rb4 37. Kd3 Rb2 38. Rxb2 axb2 39. g3 Kf6 40. Kc2 Ke5 41. Kxb2 Kd4 42. Kb3 e5 43. a4 Kc5 44. a5 1-0


[Site "https://www.chess.com"]

[Event "Titled Tuesday Blitz June 20 Early 2023"]
[White "Skiadopoulos, Nikolaos"]
[Black "Shohat, Yotam"]
[WhiteFideId "4200772"]
[BlackFideId "2813955"]
[WhiteElo "2022"]
[BlackElo "2226"]
[Result "0-1"]
[Round "1"]
[TimeControl "180+2"]
[Date "2023.06.20"]
[WhiteClock "0:00:01"]
[BlackClock "0:00:13"]
[Board "238"]

1. e4 c5 2. b4 b6 3. bxc5 bxc5 4. Nc3 Nc6 5. Rb1 Nf6 6. Nf3 g6 7. e5 Ng4 8. Bb5 Ngxe5 9. Nxe5 Nxe5 10. Qe2 Bg7 11. h4 h5 12. Ne4 O-O 13. Bb2 d6 14. Nxc5 Bg4 15. f3 Bf5 16. Bxe5 Bxe5 17. Nd3 Bg3+ 18. Kd1 Rb8 19. Kc1 Qa5 20. Bc4 Qa3+ 21. Nb2 Be5 22. Bb3 Rfc8 23. d3 a5 24. g4 a4 25. gxf5 axb3 26. axb3 Rxb3 27. fxg6 Rxb2 28. Kd2 Rcxc2+ 0-1


[Site "https://www.chess.com"]

[Event "Titled Tuesday Blitz June 20 Early 2023"]
[White "Sharapov, Evgeny"]
[Black "Castillo Pena, Patricia Evarista"]
[WhiteFideId "14103133"]
[BlackFideId "6412106"]
[WhiteElo "2367"]
[BlackElo "1859"]
[Result "1-0"]
[Round "1"]
[TimeControl "180+2"]
[Date "2023.06.20"]
[WhiteClock "0:01:30"]
[BlackClock "0:00:02"]
[Board "239"]

1. e4 c5 2. Nf3 d6 3. d4 cxd4 4. Nxd4 Nf6 5. Nc3 a6 6. g3 e5 7. Nb3 Be7 8. Bg2 Be6 9. O-O Nbd7 10. a4 Qc7 11. Re1 O-O 12. Nd2 Rfc8 13. Nf1 Rab8 14. a5 b5 15. axb6 Qxb6 16. Ne3 Rxc3 17. bxc3 Rc8 18. Bd2 Nc5 19. Nd5 Bxd5 20. exd5 a5 21. Qe2 a4 22. Reb1 Qc7 23. Be3 Nfe4 24. Ra3 f5 25. Qc4 Qd7 26. Qb5 Qxb5 27. Rxb5 Bf6 28. Rb4 Ng5 29. Rc4 f4 30. Bxc5 dxc5 31. Rcxa4 e4 32. Ra8 Rxa8 33. Rxa8+ Kf7 34. gxf4 Nf3+ 35. Bxf3 exf3 36. Ra7+ Ke8 37. c4 Bd4 38. Kf1 h6 39. Ra3 g5 40. fxg5 hxg5 41. Rxf3 Kd7 42. Rf5 1-0


[Site "https://www.chess.com"]

[Event "Titled Tuesday Blitz June 20 Early 2023"]
[White "Vargas, Mauricio"]
[Black "Horak, Martin"]
[WhiteFideId "4404572"]
[BlackFideId "367095"]
[WhiteElo "1986"]
[BlackElo "2091"]
[Result "0-1"]
[Round "1"]
[TimeControl "180+2"]
[Date "2023.06.20"]
[WhiteClock "0:00:00"]
[BlackClock "0:00:12"]
[Board "240"]

1. e4 c5 2. Nc3 Nc6 3. f4 e6 4. Nf3 Nge7 5. d3 d5 6. e5 Nf5 7. g3 Be7 8. Bg2 Rb8 9. O-O h5 10. Ne2 b5 11. c3 b4 12. Bd2 a5 13. cxb4 axb4 14. a3 Ba6 15. axb4 Bxd3 16. Re1 cxb4 17. Qa4 Bb5 18. Qd1 h4 19. g4 h3 20. Bh1 Qb6+ 21. Kf1 Nfd4 22. Nxd4 Nxd4 23. Be3 Nxe2 24. Bxb6 Nc3+ 25. Kf2 Nxd1+ 26. Rexd1 Rxb6 27. Ra8+ Bd8 28. Rc1 O-O 29. Rcc8 Bh4+ 30. Kf3 Rxc8 31. Rxc8+ Kh7 32. f5 Bd3 33. fxe6 fxe6 34. g5 Be4+ 35. Kg4 Bxh1 36. Kxh4 Kg6 37. Kg4 Bg2 0-1


[Site "https://www.chess.com"]

[Event "Titled Tuesday Blitz June 20 Early 2023"]
[White "Asavasaetakul, Chawit"]
[Black "Gyulamiryan-koryun"]
[WhiteFideId "6204856"]
[WhiteElo "1919"]
[BlackElo "1719"]
[Result "1-0"]
[Round "1"]
[TimeControl "180+2"]
[Date "2023.06.20"]
[WhiteClock "0:01:13"]
[BlackClock "0:00:00"]
[Board "241"]

1. e4 c6 2. d4 d5 3. Nd2 dxe4 4. Nxe4 Nf6 5. Nxf6+ exf6 6. c3 Bd6 7. Bd3 O-O 8. Qc2 Re8+ 9. Ne2 h5 10. O-O h4 11. h3 Nd7 12. Bd2 Nf8 13. Rae1 Be6 14. f4 Rc8 15. Kh1 Bb8 16. f5 Bd7 17. Bf4 Nh7 18. Bxb8 Rxb8 19. Nf4 Rxe1 20. Rxe1 Qc7 21. Qf2 Re8 22. Rxe8+ Bxe8 23. Qxh4 Qe7 24. Qf2 Bd7 25. Kg1 b5 26. Qe2 Qd6 27. Qe3 a5 28. a3 b4 29. axb4 axb4 30. Ne2 bxc3 31. bxc3 Ng5 32. Kf2 Nh7 33. Qf4 Qe7 34. Qb8+ Nf8 35. g4 g6 36. fxg6 fxg6 37. Nf4 Be8 38. Bxg6 Bf7 39. Bxf7+ Qxf7 40. Qd6 Kg7 41. Nh5+ Kg6 42. Qxc6 Qa2+ 43. Kg3 Ne6 44. Qe4+ Kf7 45. Qf5 1-0


[Site "https://www.chess.com"]

[Event "Titled Tuesday Blitz June 20 Early 2023"]
[White "Souleidis, Georgios"]
[Black "Carlsen, Magnus"]
[WhiteFideId "4206827"]
[BlackFideId "1503014"]
[WhiteElo "2401"]
[BlackElo "2858"]
[Result "0-1"]
[Round "2"]
[TimeControl "180+2"]
[Date "2023.06.20"]
[WhiteClock "0:00:06"]
[BlackClock "0:01:46"]
[Board "1"]

1. e4 d5 2. exd5 Qxd5 3. Nc3 Qd6 4. d4 Nf6 5. Nge2 a6 6. Bf4 Qb6 7. Qd2 Bf5 8. O-O-O Nc6 9. Ng3 Bg6 10. Na4 Qb4 11. Qxb4 Nxb4 12. c3 Bc2 13. cxb4 Bxa4 14. b3 Bc6 15. Kb2 e6 16. a3 Bd6 17. Bxd6 cxd6 18. f3 Ke7 19. Bd3 h5 20. Ne4 h4 21. Rhe1 Nd5 22. Rd2 Rad8 23. Nc3 Nxc3 24. Kxc3 h3 25. Be4 d5 26. Bd3 hxg2 27. Rxg2 g6 28. Kd2 Rh4 29. Ke3 Rdh8 30. Ree2 Kd6 31. f4 Bb5 32. Bxb5 axb5 33. Rc2 Rh3+ 34. Kf2 Rxb3 35. Rc5 b6 36. Rxb5 Kc6 37. a4 Rb2+ 38. Kg1 Rxg2+ 39. Kxg2 Ra8 0-1


[Site "https://www.chess.com"]

[Event "Titled Tuesday Blitz June 20 Early 2023"]
[White "Nakamura, Hikaru"]
[Black "Vlassov, Nikolai"]
[WhiteFideId "2016192"]
[BlackFideId "4103360"]
[WhiteElo "2874"]
[BlackElo "2324"]
[Result "1-0"]
[Round "2"]
[TimeControl "180+2"]
[Date "2023.06.20"]
[WhiteClock "0:00:26"]
[BlackClock "0:00:00"]
[Board "2"]

1. Nf3 c5 2. e4 d6 3. d4 cxd4 4. c3 Nf6 5. Qxd4 Nc6 6. Bb5 Bd7 7. Qe3 g6 8. O-O Bg7 9. h3 O-O 10. Rd1 Qc7 11. Be2 a6 12. c4 Na5 13. Na3 Rab8 14. Bd2 b5 15. cxb5 axb5 16. Rac1 Qd8 17. e5 Nd5 18. Qe4 Be6 19. Bxa5 Qxa5 20. Rxd5 Bxd5 21. Qxd5 dxe5 22. Nxe5 e6 23. Qe4 Qd2 24. Rb1 f5 25. Nf3 Qd7 26. Qe3 Rfe8 27. Rd1 Qc6 28. Ne5 Qc7 29. f4 Bf8 30. Kh1 b4 31. Nac4 Bc5 32. Qb3 Red8 33. Rf1 Rd4 34. Na5 Rb6 35. Bf3 Rxf4 36. Nd3 Rxf3 37. Rxf3 Bd4 38. Rf1 1-0


[Site "https://www.chess.com"]

[Event "Titled Tuesday Blitz June 20 Early 2023"]
[White "Seemann, Jakub"]
[Black "Nihal Sarin"]
[WhiteFideId "21874697"]
[BlackFideId "25092340"]
[WhiteElo "2364"]
[BlackElo "2689"]
[Result "0-1"]
[Round "2"]
[TimeControl "180+2"]
[Date "2023.06.20"]
[WhiteClock "0:00:07"]
[BlackClock "0:00:51"]
[Board "3"]

1. d4 Nf6 2. c4 e6 3. Nc3 Bb4 4. e3 O-O 5. Bd2 d5 6. Nf3 b6 7. cxd5 exd5 8. Rc1 Bb7 9. Bd3 Re8 10. O-O Bf8 11. Ne5 c5 12. f4 Nc6 13. Be1 cxd4 14. Nxc6 Bxc6 15. exd4 Rc8 16. Bh4 Be7 17. Re1 h6 18. Re5 Nd7 19. Rxe7 Rxe7 20. Nxd5 Bxd5 21. Rxc8 Qxc8 22. Bxe7 Qe8 23. Qe2 Bxa2 24. Qe4 Nf8 25. d5 Bxd5 26. Qxd5 Qxe7 27. h3 Qe3+ 28. Kh1 Qc1+ 29. Kh2 Qxf4+ 0-1


[Site "https://www.chess.com"]

[Event "Titled Tuesday Blitz June 20 Early 2023"]
[White "Vachier-Lagrave, Maxime"]
[Black "Domingo Nunez, Alejandro"]
[WhiteFideId "623539"]
[BlackFideId "22245561"]
[WhiteElo "2739"]
[BlackElo "2291"]
[Result "1-0"]
[Round "2"]
[TimeControl "180+2"]
[Date "2023.06.20"]
[WhiteClock "0:02:00"]
[BlackClock "0:01:03"]
[Board "4"]

1. d4 g6 2. e4 Bg7 3. Nc3 c6 4. h4 d5 5. h5 dxe4 6. Be3 Nh6 7. Nxe4 Nf5 8. Nf3 Nxe3 9. fxe3 Bg4 10. h6 Bf6 11. Bc4 Nd7 12. Bxf7+ Kxf7 13. Nfg5+ Bxg5 14. Nxg5+ Ke8 15. Qxg4 Nf6 16. Qf4 Qa5+ 17. c3 Kd7 18. O-O Raf8 19. Rad1 Nh5 20. Qg4+ Rf5 21. e4 1-0


[Site "https://www.chess.com"]

[Event "Titled Tuesday Blitz June 20 Early 2023"]
[White "Sochacki, Christophe"]
[Black "Martinez Alcantara, Jose Eduardo"]
[WhiteFideId "662569"]
[BlackFideId "3805662"]
[WhiteElo "2501"]
[BlackElo "2711"]
[Result "0-1"]
[Round "2"]
[TimeControl "180+2"]
[Date "2023.06.20"]
[WhiteClock "0:00:03"]
[BlackClock "0:02:05"]
[Board "5"]

1. d4 Nf6 2. Bg5 Ne4 3. Bf4 d5 4. e3 c5 5. Bd3 Nf6 6. dxc5 Nc6 7. Bb5 g6 8. c3 Bg7 9. Ne2 O-O 10. Bxc6 bxc6 11. Nd2 Nd7 12. b4 Ba6 13. Bg3 Bxe2 14. Kxe2 Bxc3 15. Rb1 a5 16. a3 axb4 17. h4 Rxa3 18. Nb3 Qa8 19. h5 Qa6+ 20. Kf3 Qc4 21. Rh4 Ne5+ 22. Bxe5 Qxh4 23. Bxc3 bxc3 24. Nd4 Qxh5+ 25. g4 Qh3+ 26. Kf4 f6 0-1


[Site "https://www.chess.com"]

[Event "Titled Tuesday Blitz June 20 Early 2023"]
[White "Sadhwani, Raunak"]
[Black "Kjartansson, David"]
[WhiteFideId "35093487"]
[BlackFideId "2301130"]
[WhiteElo "2631"]
[BlackElo "2333"]
[Result "1-0"]
[Round "2"]
[TimeControl "180+2"]
[Date "2023.06.20"]
[WhiteClock "0:00:04"]
[BlackClock "0:00:00"]
[Board "6"]

1. Nf3 d6 2. d4 Nf6 3. Nc3 Nbd7 4. e4 e5 5. Bc4 Be7 6. O-O c6 7. Re1 Qc7 8. a4 h6 9. h3 Nf8 10. Nh4 exd4 11. Qxd4 Ne6 12. Qd1 Nc5 13. Qf3 Be6 14. Bxe6 Nxe6 15. Nf5 O-O-O 16. Be3 Kb8 17. Rad1 Rhe8 18. Qg3 Bf8 19. f3 b6 20. Re2 Nh5 21. Qf2 Nhf4 22. Red2 g6 23. Nd4 g5 24. Nf5 Kb7 25. b4 d5 26. exd5 cxd5 27. Nb5 Qc4 28. c3 Rd7 29. Kh2 a6 30. Nbd4 Qxc3 31. Rc2 Qxb4 32. Rb2 Qxa4 33. Nxe6 Rxe6 34. Rdb1 b5 35. Ra2 Qc4 36. Rc2 Qa4 37. Nd4 Nd3 38. Qd2 Bd6+ 39. Kh1 Nf4 40. Nxe6 fxe6 41. Rbc1 Rc7 42. Rxc7+ Bxc7 43. Qc3 Qc4 44. Qg7 Nh5 45. Rxc4 Nxg7 46. Rc1 Nf5 47. Bd2 Bb6 48. g4 Ng3+ 49. Kg2 Ne2 50. Re1 Nd4 51. h4 gxh4 52. Bxh6 a5 53. g5 h3+ 54. Kxh3 Nxf3 55. Rxe6 a4 56. g6 Bd4 57. g7 Bxg7 58. Re7+ Kc6 59. Bxg7 Kc5 60. Kg3 Nd2 61. Kf2 Ne4+ 62. Ke3 Kc4 63. Rc7+ Kb3 64. Rb7 b4 65. Bf8 Nc3 66. Rxb4+ Kc2 67. Rb8 1-0


[Site "https://www.chess.com"]